 Dungeon Sprint DCSS version 0.21-a0-94-gdd6ab6a (webtiles) character file.

57526 Kidiri the Imperceptible (level 14, -26/77 HPs)
             Began as a Spriggan Enchanter on July 1, 2017.
             Was the Champion of Dithmenos.
             Annihilated by a vampire knight
             ... wielding a +1 glaive
              (28 damage)
             ... in the Dungeon (Sprint IX: "|||||||||||||||||||||||||||||").
             The game lasted 00:25:19 (5766 turns).

Kidiri the Imperceptible (Spriggan Enchanter)       Turns: 5766, Time: 00:25:20

Health: -26/77     AC:  7    Str:  4    XL:     14   Next: 46%
Magic:  6/37       EV: 37    Int: 19    God:    Dithmenos [******]
Gold:   1001       SH:  0    Dex: 24    Spells: 38/50 levels left

rFire    . . .     SeeInvis +   o - +4 rapier (elec)
rCold    . . .     Gourm    .   (shield restricted)
rNeg     . . .     Faith    .   x - +0 troll leather armour
rPois    +         Spirit   .   (helmet restricted)
rElec    .         Reflect  .   t - +0 cloak
rCorr    .         Harm     .   (gloves unavailable)
MR       +++..     NoTele   +   (boots unavailable)
Stlth    ++++++++++             (no amulet)
HPRegen  0.62/turn              a - +3 ring of dexterity
MPRegen  0.25/turn              A - ring of poison resistance

@: berserk cooldown, slowed, wreathed by umbra, quick
A: unfitting armour, thin skeletal structure 1, see invisible, herbivore 3,
speed 3, magic resistance 1, slow metabolism 2, wild magic 1, no potion heal 1
a: Shadow Step, Shadow Form, Renounce Religion


You were in the Dungeon.
You worshipped Dithmenos.
Dithmenos was exalted by your worship.
You were full.

You visited 1 branch You collected 1958 gold pieces.
You spent 957 gold pieces at shops.

Inventory:

Hand Weapons
 o - a +4 rapier of electrocution (weapon)
 C - a +3 quick blade
Missiles
 w - a throwing net (quivered)
Armour
 t - a +0 cloak (worn)
 x - a +0 troll leather armour (worn)
Jewellery
 a - a +3 ring of dexterity (left hand)
 p - a +3 ring of strength
 y - an uncursed ring of protection from magic
 A - a ring of poison resistance (right hand)
 B - an uncursed ring of fire
Wands
 n - a wand of lightning (7/15)
Scrolls
 j - 3 scrolls of blinking
 l - 4 scrolls of remove curse
 m - 2 scrolls of amnesia
 r - a scroll of fear
 u - a scroll of recharging
 v - a scroll of fog
 E - a scroll of identify
Potions
 b - a potion of lignification
 e - a potion of invisibility
 f - 6 potions of heal wounds
 g - 3 potions of haste
 h - 4 potions of magic
 i - 2 potions of berserk rage
 k - 6 potions of curing
 q - 2 potions of resistance
 z - 3 potions of might
 D - 2 potions of brilliance
 F - a potion of cancellation {unknown}
Books
 c - a book of Maledictions

   Spells                             Type                      Level
   a - Corona                         Hexes                        1
   b - Ensorcelled Hibernation        Hexes/Ice                    2
   c - Confuse                        Hexes                        3
   d - Tukima's Dance                 Hexes                        3
   e - Dazzling Spray                 Conjuration/Hexes            3
Comestibles
 d - 13 bread rations
 s - 31 fruits


   Skills:
 + Level 10.1 Fighting
 * Level 17.0 Short Blades
 + Level 9.1 Armour
 * Level 21.3 Dodging
 * Level 22.9 Stealth
   Level 0.4 Shields
 * Level 18.5 Spellcasting
 + Level 14.1 Hexes
 + Level 11.5 Invocations
 - Level 0.6 Evocations


You had 38 spell levels left.
You knew the following spells:

 Your Spells              Type           Power        Failure   Level  Hunger
a - Corona                Hex            #######      1%          1    None
b - Ensorcelled Hibernat  Hex/Ice        ######       1%          2    None
c - Confuse               Hex            #######.     1%          3    None
d - Tukima's Dance        Hex            #######.     1%          3    None
e - Dazzling Spray        Conj/Hex       ######       1%          3    None


Dungeon Overview and Level Annotations

Branches:
Dungeon (1/1)

Altars:
Cheibriados
Dithmenos
Elyvilon
Fedhas
Gozag
Hepliaklqana
Kikubaaqudgha
Makhleb
Nemelex Xobeh
Okawaru
Qazlal
Ru
Sif Muna
Trog
Uskayaw
Vehumet
Wu Jian
Xom
Yredelemnul
Zin
The Shining One
Beogh
Jiyva
Lugonu

Shops:
D }![[


Innate Abilities, Weirdness & Mutations

You are very small and have problems with some larger weapons.
You are too small for most types of armour.
You have supernaturally acute eyesight. (SInv)
You are a herbivore.
You cover ground extremely quickly.
You need consume almost no food.
You have a somewhat thin skeletal structure. (Dex +2, Stealth)
You are resistant to hostile enchantments. (MR+)
Your spells are a little harder to cast, but a little more powerful.
Potions are less effective at restoring your health.


Message History

The vampire knight is heavily damaged.
The vampire knight completely misses you. x4
Unknown command.
Casting: Dazzling Spray
Confirm with . or Enter, or press ? or * to list all spells.
Aiming: Confuse
Press: ? - help, Shift-Dir - straight line, f - frost giant, p - vampire knight
Aim: a frost giant, wielding a battleaxe of freezing (umbra, chance to defeat MR: 32%)
The frost giant easily resists.
Your shadow mimicks your spell!
The frost giant resists with almost no effort.
The vampire knight is infused with unholy energy.
* * * LOW HITPOINT WARNING * * *
The vampire knight draws life force from you and is healed!
The frost giant hits you with a battleaxe of freezing!
* * * LOW HITPOINT WARNING * * *
The frost giant freezes you.
* * * LOW HITPOINT WARNING * * *
The vampire knight hits you with an enchanted glaive!!
You die...

▓.▓.▓.▓.▓=▓.▓.▓.▓.
▓.▓.▓.▓.▓.▓.▓.▓.▓.
▓.▓.▓.▓.▓.▓.▓.▓.▓.
▓.▓.▓.▓.▓'▓.▓.▓.▓.
▓.▓.▓.▓.▓.▓.▓.▓.▓.
▓.▓.▓.▓.▓.▓.▓.▓.▓'
▓.▓.▓.▓.▓.▓.▓.▓.▓.
▓C▓.▓.▓.▓.▓.▓.▓.▓.
▓@▓.▓.▓.▓.▓.▓.▓.▓.
▓V▓.▓.▓.▓.▓.▓.▓.▓.
▓.▓.▓.▓)▓.▓.▓.▓.▓.
▓.▓.▓.▓.▓.▓.▓.▓.▓.
▓...▓.))▓...▓...▓.
▓▓▓▓▓▓▓▓▓▓▓▓▓▓▓▓▓▓


You could see a frost giant and a vampire knight.

Vanquished Creatures
  Rupert (D)
  A sphinx (D)
  Kirke (D)
  Agnes (D)
  A fire giant (D)
  A very ugly thing (D)
  An ettin (D)
  Snorg (D)
  Josephine (D)
  A great orb of eyes (D)
  A merfolk impaler (D)
  Harold (D)
  2 hydras (D)
  A naga warrior (D)
  An alligator (D)
  A satyr (D)
  2 centaur warriors (D)
  A two-headed ogre (D)
  A merfolk avatar (D)
  An ogre mage (D)
  A shock serpent (D)
  An orc high priest (D)
  A naga sharpshooter (D)
  A spriggan (D)
  A sea snake (D)
  A skeletal warrior (D)
  2 spriggan druids (D)
  A mana viper (D)
  A deep elf mage (D)
  A wolf spider (D)
  2 harpies (D)
  14 orc sorcerers (D)
  A shining eye (shapeshifter) (D)
  An orb spider (D)
  An ugly thing (D)
  3 manticores (D)
  5 black mambas (D)
  A naga mage (D)
  2 spiny frogs (D)
  Maurice (D)
  A moth of wrath (shapeshifter) (D)
  A gargoyle (D)
  A komodo dragon (D)
  A demonic crawler (D)
  A yaktaur (D)
  A merfolk (D)
  7 polar bears (D)
  2 jumping spiders (D)
  A tyrant leech (D)
  2 hornets (D)
  A slime creature (D)
  2 hippogriffs (D)
  2 blink frogs (D)
  A hippogriff (shapeshifter) (D)
  2 redbacks (D)
  2 tarantellas (D)
  2 yaks (D)
  2 hogs (D)
  5 wraiths (D)
  Grum (D)
  3 humans (D)
  A basilisk (D)
  3 water moccasins (D)
  2 porcupines (D)
  6 orc warriors (D)
  A black bear (D)
  3 wolves (D)
  A centaur (D)
  An ogre (D)
  2 crocodiles (D)
  2 bullfrogs (D)
  A scorpion (D)
  2 crimson imps (D)
  5 orc wizards (D)
  2 orc priests (D)
  An iguana (D)
  A worker ant (D)
  An ooze (D)
  2 adder skeletons (D)
  An adder zombie (D)
  A leopard gecko (D)
  11 orcs (D)
  3 bat zombies (D)
  A goblin (D)
  A hobgoblin (D)
  A jackal skeleton (D)
  2 rats (D)
163 creatures vanquished.

Vanquished Creatures (others)
  A tengu conjurer (D)
1 creature vanquished.

Grand Total: 164 creatures vanquished

Notes
Turn   | Place    | Note
-------+----------+-------------------------------------------
     0 | D        | Kidiri the Spriggan Enchanter began the quest for the Orb.
     0 | D        | Reached XP level 1. HP: 9/9 MP: 5/5
    29 | D        | Reached skill level 5 in Stealth
    34 | D        | Reached XP level 2. HP: 6/14 MP: 7/7
    42 | D        | Learned a level 2 spell: Ensorcelled Hibernation
   447 | D        | Reached skill level 1 in Fighting
   447 | D        | Reached skill level 1 in Armour
   447 | D        | Reached skill level 5 in Dodging
   447 | D        | Reached skill level 6 in Stealth
   447 | D        | Reached XP level 3. HP: 18/18 MP: 5/9
   454 | D        | Learned a level 3 spell: Confuse
   458 | D        | Learned a level 3 spell: Tukima's Dance
   462 | D        | Found a roughly hewn altar of Beogh.
   462 | D        | Found a snail-covered altar of Cheibriados.
   462 | D        | Found a shadowy altar of Dithmenos.
   462 | D        | Found a white marble altar of Elyvilon.
   462 | D        | Found a blossoming altar of Fedhas.
   462 | D        | Found an opulent altar of Gozag.
   463 | D        | Found a hazy altar of Hepliaklqana.
   464 | D        | Found a viscous altar of Jiyva.
   465 | D        | Found an ancient bone altar of Kikubaaqudgha.
   466 | D        | Found a corrupted altar of Lugonu.
   467 | D        | Found a burning altar of Makhleb.
   468 | D        | Found a sparkling altar of Nemelex Xobeh.
   469 | D        | Found an iron altar of Okawaru.
   470 | D        | Found a stormy altar of Qazlal.
   471 | D        | Found a sacrificial altar of Ru.
   472 | D        | Found a deep blue altar of Sif Muna.
   473 | D        | Found a bloodstained altar of Trog.
   474 | D        | Found a hide-covered altar of Uskayaw.
   475 | D        | Found a radiant altar of Vehumet.
   476 | D        | Found an ornate altar of the Wu Jian Council.
   477 | D        | Found a shimmering altar of Xom.
   478 | D        | Found a basalt altar of Yredelemnul.
   479 | D        | Found a glowing silver altar of Zin.
   480 | D        | Found a glowing golden altar of the Shining One.
   503 | D        | Became a worshipper of Dithmenos the Shadowed
   546 | D        | Noticed an ogre
   546 | D        | Noticed a bullfrog
   548 | D        | Killed a bullfrog
   548 | D        | Reached skill level 7 in Stealth
   548 | D        | Reached skill level 5 in Spellcasting
   548 | D        | Reached skill level 1 in Invocations
   548 | D        | Reached XP level 4. HP: 23/23 MP: 10/12
   671 | D        | Killed an ogre
   671 | D        | Reached skill level 5 in Short Blades
   671 | D        | Reached skill level 8 in Stealth
   671 | D        | Reached skill level 5 in Hexes
   671 | D        | Reached XP level 5. HP: 16/26 MP: 6/14
   793 | D        | Learned a level 3 spell: Dazzling Spray
   799 | D        | Reached * piety under Dithmenos
  1035 | D        | Noticed a centaur
  1035 | D        | Noticed a two-headed ogre
  1035 | D        | Noticed a crocodile
  1038 | D        | Reached ** piety under Dithmenos
  1038 | D        | Reached skill level 9 in Stealth
  1038 | D        | Reached XP level 6. HP: 26/32 MP: 10/16
  1054 | D        | HP: 1/32 [two-headed ogre/giant club (26)]
  1056 | D        | Killed a two-headed ogre
  1056 | D        | Reached skill level 10 in Dodging
  1056 | D        | Reached skill level 11 in Stealth
  1056 | D        | Reached XP level 7. HP: 1/37 MP: 2/20
  1225 | D        | Reached XP level 8. HP: 21/42 MP: 11/22
  1304 | D        | Reached *** piety under Dithmenos
  1400 | D        | Reached skill level 12 in Stealth
  1444 | D        | Noticed Josephine
  1450 | D        | Killed Josephine
  1450 | D        | Reached skill level 13 in Stealth
  1450 | D        | Reached skill level 10 in Spellcasting
  1450 | D        | Reached skill level 5 in Invocations
  1450 | D        | Reached XP level 9. HP: 46/46 MP: 18/24
  1576 | D        | Reached **** piety under Dithmenos
  1696 | D        | Reached skill level 5 in Fighting
  1910 | D        | Noticed a spiny frog
  1912 | D        | Killed a spiny frog
  1912 | D        | Reached skill level 10 in Short Blades
  1912 | D        | Reached skill level 14 in Stealth
  1988 | D        | Reached ***** piety under Dithmenos
  2001 | D        | Reached skill level 5 in Armour
  2098 | D        | Noticed a six-headed hydra
  2098 | D        | Noticed a four-headed hydra
  2098 | D        | Noticed a black mamba
  2098 | D        | Noticed a komodo dragon
  2100 | D        | Reached XP level 10. HP: 52/52 MP: 26/26
  2110 | D        | Reached skill level 15 in Stealth
  2225 | D        | Killed a four-headed hydra
  2395 | D        | Killed a black mamba
  2403 | D        | Killed a six-headed hydra
  2403 | D        | Reached ****** piety under Dithmenos
  2637 | D        | Reached skill level 16 in Stealth
  2772 | D        | Reached skill level 10 in Hexes
  2783 | D        | Reached skill level 15 in Dodging
  3067 | D        | Reached XP level 11. HP: 58/58 MP: 22/29
  3155 | D        | Noticed Harold
  3157 | D        | Killed Harold
  3221 | D        | Noticed an orc sorcerer
  3224 | D        | Noticed an orc sorcerer
  3231 | D        | Killed an orc sorcerer
  3231 | D        | Reached skill level 17 in Stealth
  3250 | D        | Killed an orc sorcerer
  3437 | D        | Noticed an orc high priest
  3445 | D        | Noticed an orc sorcerer
  3453 | D        | Killed an orc high priest
  3470 | D        | Killed an orc sorcerer
  3554 | D        | Found Weannuh's Armour Boutique.
  3554 | D        | Noticed an orc sorcerer
  3554 | D        | Noticed an orc sorcerer
  3554 | D        | Noticed an orc sorcerer
  3554 | D        | Noticed an orc sorcerer
  3555 | D        | Noticed an orc sorcerer
  3557 | D        | Found Yliuzxic's Armour Shop.
  3558 | D        | Killed an orc sorcerer
  3559 | D        | Noticed an orc sorcerer
  3560 | D        | Killed an orc sorcerer
  3561 | D        | Found Zoen Wuich's Distillery.
  3562 | D        | Killed an orc sorcerer
  3564 | D        | Killed an orc sorcerer
  3564 | D        | Reached skill level 18 in Stealth
  3565 | D        | Found Imiaf's Gadget Shop.
  3566 | D        | Noticed an orc sorcerer
  3567 | D        | Killed an orc sorcerer
  3568 | D        | Noticed an orc sorcerer
  3571 | D        | Killed an orc sorcerer
  3575 | D        | Noticed an orc sorcerer
  3579 | D        | Noticed an orc sorcerer
  3582 | D        | Noticed an orc sorcerer
  3585 | D        | Killed an orc sorcerer
  3588 | D        | Killed an orc sorcerer
  3591 | D        | Killed an orc sorcerer
  3598 | D        | Killed an orc sorcerer
  3606 | D        | Killed an orc sorcerer
  3623 | D        | Bought a +0 troll leather armour for 165 gold pieces
  3694 | D        | Bought a potion of curing for 33 gold pieces
  3694 | D        | Bought a potion of lignification for 33 gold pieces
  3694 | D        | Bought 2 potions of might for 88 gold pieces
  3694 | D        | Bought a potion of experience for 550 gold pieces
  3694 | D        | Bought a potion of mutation for 88 gold pieces
  3694 | D        | Reached XP level 12. HP: 63/64 MP: 20/31
  3701 | D        | Gained mutation: Potions are less effective at restoring your health. [potion of mutation]
  3701 | D        | Gained mutation: You have a somewhat thin skeletal structure. (Dex +2, Stealth) [potion of mutation]
  3701 | D        | Gained mutation: Your spells are a little harder to cast, but a little more powerful. [potion of mutation]
  3701 | D        | Gained mutation: You are resistant to hostile enchantments. (MR+) [potion of mutation]
  3762 | D        | Noticed Grum
  3771 | D        | Killed Grum
  3777 | D        | Reached XP level 13. HP: 63/68 MP: 18/32
  3783 | D        | Reached skill level 15 in Spellcasting
  3877 | D        | Noticed Maurice
  3879 | D        | Killed Maurice
  3998 | D        | Reached skill level 19 in Stealth
  4133 | D        | Noticed an ettin
  4133 | D        | Noticed a sphinx
  4152 | D        | Killed an ettin
  4155 | D        | Killed a sphinx
  4272 | D        | Noticed a fire giant
  4277 | D        | Killed a fire giant
  4277 | D        | Reached skill level 20 in Stealth
  4309 | D        | Noticed Rupert
  4311 | D        | Killed Rupert
  4311 | D        | Reached skill level 15 in Short Blades
  4311 | D        | Reached skill level 10 in Invocations
  4327 | D        | Noticed Snorg
  4329 | D        | Killed Snorg
  4388 | D        | Noticed a brown very ugly thing
  4400 | D        | Killed a brown very ugly thing
  4403 | D        | Reached skill level 21 in Stealth
  4944 | D        | Reached XP level 14. HP: 75/75 MP: 29/36
  5157 | D        | Reached skill level 22 in Stealth
  5316 | D        | Noticed Agnes
  5317 | D        | Noticed Kirke
  5324 | D        | Killed Agnes
  5339 | D        | Killed Kirke
  5339 | D        | Reached skill level 10 in Fighting
  5710 | D        | Noticed a vampire knight
  5712 | D        | Noticed a frost giant
  5766 | D        | HP: 2/77 [frost giant/battleaxe of freezing (3)]
  5766 | D        | Annihilated by a vampire knight

Vault maps used:
D:        linesprint

Skill      XL: |  1  2  3  4  5  6  7  8  9 10 11 12 13 14 |
---------------+-------------------------------------------+-----
Short Blades   | 2 3 4 5 7 9 10 11 13 15 17 | 17.0
Spellcasting   | 3 4 5 6 9 10 11 13 14 17 18 | 18.5
Stealth        | 5 6 7 8 9 11 13 14 16 18 21 22 | 22.9
Dodging        | 5 6 7 8 10 12 13 15 17 20 21 | 21.3
Hexes          | 4 5 7 8 9 10 11 13 14 | 14.1
Fighting       | 1 2 4 5 6 7 9 10 | 10.1
Armour         | 1 2 3 4 5 6 8 9 |  9.1
Invocations    | 1 2 4 5 6 7 8 9 10 11 | 11.5
Shields        | |  0.4
Evocations     | |  0.6

Action                   |  1- 3 |  4- 6 |  7- 9 | 10-12 | 13-15 || total
-------------------------+-------+-------+-------+-------+-------++-------
Melee: Dagger            |    41 |       |       |       |       ||    41
       Rapier            |     1 |    15 |    30 |   148 |   133 ||   327
 Cast: Ensorcelled Hiber |     1 |    13 |    21 |    32 |    53 ||   120
       Confuse           |       |     2 |     6 |    25 |    28 ||    61
       Dazzling Spray    |       |       |     9 |    11 |    33 ||    53
Invok: Shadow Step       |       |       |     2 |     3 |     7 ||    12
  Use: Potion            |     1 |       |       |     2 |     1 ||     4
       Scroll            |       |       |     4 |     1 |       ||     5
 Stab: Sleeping          |     4 |     4 |    15 |    23 |    39 ||    85
       Confused          |       |     1 |     1 |    14 |    10 ||    26
       Distracted        |       |       |     2 |       |     2 ||     4
       Invisible         |       |       |       |     7 |     8 ||    15
  Eat: Fruit             |       |       |       |     9 |       ||     9
Armor: Robe              |       |       |       |     2 |       ||     2
       Troll leather arm |       |       |       |       |     3 ||     3
Dodge: Dodged            |    22 |    10 |    37 |   120 |   184 ||   373
